 Dungeon Crawl Stone Soup version 0.17.0-28-g6e173f8 (webtiles) character file.

270 M4edhros the Covert (level 6, 0/43 HPs)
             Began as an Octopode Wanderer on Nov 25, 2015.
             Slain by a crimson imp (2 damage)
             ... summoned by Eustachio
             ... on level 5 of the Dungeon.
             The game lasted 00:02:07 (1371 turns).

M4edhros the Covert (Octopode Wanderer)             Turns: 1371, Time: 00:02:07

Health: 0/43       AC:  1    Str: 14      XL:     6   Next: 22%
Magic:  15/15      EV: 12    Int: 12      God:
Gold:   99         SH:  0    Dex: 12 (13) Spells: 0 memorised, 5 levels left

rFire  . . .     SeeInvis .     a - +2 short sword
rCold  . . .     Clarity  .     (no shield)
rNeg   . . .     SustAt   .     (helmet restricted)
rPois  .         Gourm    .     (no amulet)
rElec  .         Spirit   .     q - ring of magical power
rCorr  .         Warding  .     r - ring of flight
rMut   .         Stasis   .     (no ring)
MR     .....                    (no ring)
Stlth  +++++.....               (no ring)
                                (no ring)
                                (no ring)
                                (no ring)

@: not resistant to hostile enchantments, quite stealthy
A: almost no armour, amphibious, 8 rings, constrict 8, camouflage 1, gelatinous
body 1
a: Evoke Flight


You were on level 5 of the Dungeon.
You were very hungry.

You visited 1 branch of the dungeon, and saw 5 of its levels.

You collected 99 gold pieces.

Inventory:

Hand Weapons
 a - a +2 short sword (weapon)
 d - a +0 blowgun (quivered)
Missiles
 c - 15 poisoned needles
 i - 4 tomahawks
Jewellery
 k - an uncursed ring of ice
 q - a ring of magical power (left tentacle)
 r - a ring of flight (right tentacle)
Scrolls
 b - 2 scrolls of teleportation
 f - 2 scrolls of fog {unknown}
 g - a scroll of blinking {unknown}
 l - a scroll of remove curse {unknown}
 m - a scroll of enchant weapon {unknown}
 n - a scroll of noise {unknown}
 p - a scroll of identify {unknown}
 s - a scroll of amnesia {unknown}
 t - a scroll of immolation {unknown}
Potions
 h - a potion of heal wounds
 j - a potion of ambrosia {unknown}
Comestibles
 e - 3 bread rations
 o - a beef jerky
 u - a meat ration


   Skills:
 - Level 4.0 Fighting
 - Level 2.0 Short Blades
 - Level 1.0 Throwing
 - Level 2.0 Dodging
 + Level 8.5 Stealth
   Level 1.0 Shields


You had 5 spell levels left.
You didn't know any spells.

Dungeon Overview and Level Annotations

Branches:
Dungeon (5/15)
 Temple: D:4-7

Altars:
Dithmenos

Annotations:
D:5 Eustachio


Innate Abilities, Weirdness & Mutations

You cannot wear most types of armour.
You are amphibious.
You can wear up to eight rings at the same time.
You can use your tentacles to constrict eight enemies at once.
Your skin changes colour to match your surroundings (Stealth).
Your rubbery body absorbs attacks (AC +1).


Message History

You constrict Eustachio. Eustachio misses you.
You hit Eustachio but do no damage.
Eustachio is heavily wounded.
You constrict Eustachio.
Eustachio mumbles some strange words.
You hit Eustachio. You squeeze Eustachio.
Eustachio is almost dead.
You constrict Eustachio.
Eustachio casts a spell.
Eustachio struggles to blink free from constriction.
You hit Eustachio.
Eustachio is almost dead.
You constrict Eustachio. The quasit closely misses you. The quasit claws you.
You feel clumsy. The quasit barely misses you. The iron imp hits you!
* * * LOW HITPOINT WARNING * * *
Eustachio hits you with a falchion!
* * * LOW HITPOINT WARNING * * *
The crimson imp hits you.
You die...

#.# #.# #.# #.#### #.#
..... #.# #.#.? #.#
#.#.# #.# #.#.# #.#
#.#######@#.#########.#
#.......@5............#
#.#....5.5..###########
#.#####.### # #.# #.#
#.# #.# #.#


You could see Eustachio, an iron imp, a quasit and a crimson imp.

Vanquished Creatures
  Sigmund (D:2)
  A slave (D:5)
  Crazy Yiuf (D:3)
  Ijyb (D:3)
  2 adders (D:2)
  An ooze (D:3)
  3 giant geckos
  An orc (D:3)
  5 goblins
  2 hobgoblins
  2 jackals (D:3)
  A quokka (D:2)
  4 bats
  3 giant cockroaches
  5 giant newts
  3 kobolds
  4 rats
40 creatures vanquished.

Notes
Turn   | Place    | Note
--------------------------------------------------------------
     0 | D:1      | M4edhros the Octopode Wanderer began the quest for the Orb.
     0 | D:1      | M4edhros set off with: a +2 short sword, a scroll of teleportation, 15 poisoned needles, a +0 blowgun, a bread ration
     0 | D:1      | Reached XP level 1. HP: 17/17 MP: 1/1
    73 | D:1      | Reached skill level 1 in Stealth
   423 | D:2      | Reached XP level 2. HP: 22/22 MP: 2/2
   499 | D:2      | Found a shadowy altar of Dithmenos.
   566 | D:2      | Reached XP level 3. HP: 22/27 MP: 3/3
   644 | D:2      | Noticed Sigmund
   651 | D:2      | Killed Sigmund
   651 | D:2      | Reached skill level 7 in Stealth
   651 | D:2      | Reached XP level 4. HP: 30/33 MP: 4/4
   651 | D:2      | Reached XP level 5. HP: 33/37 MP: 5/5
   775 | D:3      | Noticed Ijyb
   785 | D:3      | Killed Ijyb
   785 | D:3      | Reached skill level 8 in Stealth
   785 | D:3      | Reached XP level 6. HP: 39/43 MP: 6/6
   904 | D:3      | Noticed Crazy Yiuf
   925 | D:3      | Killed Crazy Yiuf
  1089 | D:5      | Entered Level 5 of the Dungeon
  1355 | D:5      | Noticed Eustachio
  1371 | D:5      | HP: 2/43 [Eustachio/falchion (7)]
  1371 | D:5      | Slain by a crimson imp

Action                   |  1- 3 |  4- 6 || total
-------------------------+-------+-------++-------
Melee: Short sword       |    33 |    65 ||    98
Throw: Tomahawk          |       |     4 ||     4
  Use: Potion            |     3 |     3 ||     6
 Stab: Sleeping          |     6 |     9 ||    15
